Map: Acropolis LE

Players

Mez - Winner!

  • Race: Terran Terran
  • League: Master
  • Spawn Location: 5:00

Tachyon

  • Race: Zerg Zerg
  • League: Diamond
  • Spawn Location: 11:00

VOD

Have the link to the VOD?

Description

Time

  • Played on: Sept. 3, 2019, 10:38 a.m.
  • Length: 13:27
Show
View Real Time Build Order
Export as new Build Order

Mez Terran - Winner!

Build Orders: Liberator Opening, Reaper Expand 

Get SALT Encoding   

  12  0:00  SCV  
  13  0:13  SCV  
  14  0:17  Supply Depot  
  14  0:25  SCV  
  15  0:38  SCV  
  15  0:39  Barracks  
  16  0:44  Refinery  
  16  0:50  SCV  
  17  1:03  SCV  
  18  1:15  SCV  
  19  1:27  Orbital Command  
  19  1:28  Reaper  
  20  1:39  Command Center  
  20  1:47  Supply Depot  
  20  1:53  SCV  
  21  2:00  Marine  
  22  2:05  SCV  
  23  2:12  Factory  
  23  2:14  Refinery  
  23  2:17  SCV  
  24  2:27  Engineering Bay  
  23  2:33  SCV  
  24  2:43  Barracks Reactor  
  24  2:47  SCV  
  25  2:52  Orbital Command  
  25  2:56  Hellion  
  25  2:57  Starport  
  27  2:59  SCV  
  28  3:11  Supply Depot  
  28  3:17  SCV  
  29  3:21  Liberator  
  29  3:25  SCV  
  30  3:28  Barracks Tech Lab  
  30  3:29  SCV, Hellion x2  
  35  3:37  SCV  
  39  3:41  SCV  
  39  3:42  Supply Depot  
  39  3:47  Marine  
  41  3:50  SCV  
  41  3:53  Hellion x2  
  41  3:55  SCV  
  46  4:02  SCV  
  47  4:04  Marine  
  48  4:10  SCV  
  48  4:14  Command Center, SCV  
  50  4:24  SCV  
  50  4:26  SCV  
  52  4:31  Starport Reactor  
  52  4:34  Barracks  
  52  4:36  Factory Tech Lab, Barracks, Stimpack  
  52  4:38  Marine  
  53  4:47  SCV x2  
  53  4:52  Supply Depot, Engineering Bay  
  55  4:55  Engineering Bay  
  55  4:57  Marine  
  55  4:59  SCV x2  
  56  5:10  Refinery  
  56  5:11  SCV x2, Refinery  
  58  5:15  Marine  
  58  5:18  Starport Reactor  
  55  5:30  Marine  
  55  5:31  Marine  
  55  5:33  Marine, SCV x2  
  55  5:34  Terran Infantry Weapons Level 1  
  56  5:36  Terran Infantry Armor Level 1  
  56  5:42  Supply Depot  
  56  5:48  Marine, Siege Tank  
  57  5:51  Barracks, SCV x2  
  57  5:52  Barracks  
  57  5:53  Supply Depot  
  57  5:55  Supply Depot  
  59  5:57  Marine x3  
  59  6:01  Armory  
  59  6:02  Medivac  
  59  6:03  SCV, Medivac  
  67  6:08  Orbital Command  
  67  6:16  Marine x4  
  67  6:17  Marine, SCV  
  73  6:19  SCV  
  74  6:29  SCV  
  74  6:31  SCV  
  74  6:32  Combat Shield  
  76  6:36  SCV  
  77  6:41  SCV  
  77  6:43  Marine x3, SCV, Barracks Reactor x2  
  77  6:44  Supply Depot  
  82  6:48  SCV  
  82  6:50  Medivac x2  
  82  6:54  SCV  
  88  6:55  SCV  
  88  6:59  Marine x2  
  88  7:00  Marine, Siege Tank  
  95  7:02  Marine x2  
  95  7:03  SCV  
  95  7:06  SCV  
  95  7:08  Supply Depot  
  99  7:09  SCV  
  99  7:10  Supply Depot  
  101  7:15  SCV  
  101  7:16  Terran Vehicle And Ship Armor Level 1  
  101  7:18  SCV  
  101  7:19  Marine x4  
  101  7:20  Marine x3  
  109  7:29  Marine x2, SCV x2  
  113  7:30  SCV  
  114  7:41  SCV x2  
  114  7:42  SCV  
  114  7:45  Marine x7  
  114  7:47  Marine  
  114  7:48  Siege Tank, Medivac x2  
  122  7:53  SCV x2, Supply Depot  
  122  7:54  Terran Infantry Armor Level 2, SCV, Terran Infantry Weapons Level 2  
  122  7:56  Refinery  
  122  7:57  Refinery  
  125  7:59  Supply Depot  
  125  8:02  Supply Depot  
  125  8:09  Marine x6  
  125  8:10  Marine x2  
  133  8:19  Marine  
  134  8:22  Command Center  
  134  8:25  Siege Tank  
  134  8:26  Marine  
  134  8:27  Marine  
  138  8:30  Marine x6  
  145  8:34  Supply Depot  
  145  8:38  Supply Depot  
  145  8:40  Supply Depot  
  137  8:51  Marine x9  
  146  8:57  Siege Tank  
  146  9:09  Marine x7  
  149  9:11  Barracks  
  149  9:12  Barracks  
  149  9:14  Barracks  
  147  9:26  Marine x3  
  147  9:27  Marine  
  147  9:29  Medivac x2  
  147  9:30  Siege Tank  
  156  9:31  Supply Depot  
  156  9:32  Marine, Supply Depot  
  156  9:36  Marine x4  
  161  9:44  Marine x2  
  135  9:57  Marine x6  
  125  10:02  Siege Tank  
  125  10:04  Marine x2  
  125  10:05  Barracks Tech Lab x3  
  125  10:06  Factory  
  130  10:11  Marauder  
  128  10:28  Marine x3  
  128  10:29  Marine x5, Marauder x3  
  128  10:32  Marauder, Planetary Fortress  
  128  10:34  Siege Tank  
  147  10:37  Factory  
  147  10:45  Concussive Shells  
  147  10:46  Marine x3, Terran Infantry Armor Level 3, Terran Infantry Weapons Level 3  
  147  10:47  Marine  
  147  10:48  Medivac x2  
  155  10:50  Factory Tech Lab  
  155  10:51  Marauder  
  157  11:05  Marine  
  157  11:06  Marine x3, Marauder x3  
  167  11:11  Marine x3  
  167  11:16  Refinery  
  170  11:19  Refinery  
  170  11:23  Marine x2, Factory Tech Lab  
  170  11:24  Marine, Siege Tank x2  
  174  11:51  Marine x6, Marauder x3  
  181  11:59  Siege Tank x2  
  176  12:01  Siege Tank  
  178  12:14  Marine  
  178  12:15  Marine x3, Marauder x4  
  190  12:19  Marine x2  
  190  12:20  Marine x2, SCV x2  
  190  12:21  SCV  
  196  12:24  Command Center  
  182  12:32  Marine x3  
  182  12:33  Marine  
  182  12:36  Marine x2, Marauder x2  
  192  12:37  Marine x2  
  192  12:38  Marine x2  
  196  12:50  Marine  
  196  12:51  Marine x3  
  179  12:52  Siege Tank x3  
  179  12:54  Marauder x2  
  179  12:57  Marauder  
Show
View Real Time Build Order
Export as new Build Order

Tachyon Zerg 

Build Orders: Hatch First 

Get SALT Encoding   

  12  0:00  Drone  
  13  0:13  Overlord  
  13  0:17  Drone  
  14  0:31  Drone x2  
  14  0:35  Drone  
  17  0:51  Hatchery  
  17  0:55  Drone  
  17  0:58  Drone  
  18  1:09  Extractor  
  17  1:13  Spawning Pool  
  17  1:15  Drone  
  17  1:22  Drone  
  18  1:28  Drone  
  19  1:39  Overlord  
  19  1:50  Drone  
  21  2:01  Zergling x2, Queen  
  21  2:03  Queen  
  21  2:04  Zergling x2  
  26  2:12  Drone  
  27  2:19  Metabolic Boost  
  27  2:21  Drone  
  28  2:33  Overlord  
  28  2:34  Drone x2  
  29  2:38  Queen  
  31  2:47  Drone x3  
  34  3:01  Extractor  
  33  3:15  Overlord, Drone, Extractor  
  33  3:16  Drone x5  
  33  3:19  Hatchery  
  38  3:24  Overlord  
  38  3:25  Drone x2  
  38  3:26  Drone  
  41  3:37  Drone x3  
  41  3:40  Queen  
  46  3:48  Overlord x2  
  46  3:59  Drone x4  
  46  4:02  Overlord x2  
  50  4:09  Drone x2  
  52  4:16  Queen  
  54  4:26  Drone x2  
  54  4:29  Zergling x10  
  54  4:30  Baneling Nest  
  60  4:31  Drone x4  
  60  4:34  Queen  
  66  4:45  Overlord x2  
  66  4:46  Drone  
  67  5:03  Drone  
  67  5:04  Drone x9  
  71  5:08  Spore Crawler  
  71  5:09  Spore Crawler  
  71  5:12  Spore Crawler  
  67  5:14  Zergling x4  
  67  5:15  Zergling x6  
  66  5:23  Drone  
  66  5:24  Drone  
  62  5:33  Drone x2  
  62  5:34  Drone  
  61  5:36  Extractor x2  
  61  5:40  Queen x2  
  63  5:43  Drone x7  
  63  5:47  Drone x2  
  72  5:59  Lair  
  72  6:04  Drone x3  
  72  6:05  Evolution Chamber, Drone  
  72  6:06  Evolution Chamber  
  72  6:07  Drone  
  72  6:09  Drone x3  
  78  6:16  Overlord x3  
  78  6:21  Drone x3  
  78  6:22  Drone  
  78  6:23  Drone  
  83  6:32  Zerg Melee Weapons Level 1  
  83  6:33  Extractor  
  83  6:34  Zerg Ground Armor Level 1  
  83  6:37  Extractor, Baneling x4  
  83  6:38  Extractor  
  80  6:53  Drone  
  80  6:54  Drone x2  
  83  6:55  Drone  
  83  6:56  Hatchery  
  83  6:57  Drone x3  
  83  6:58  Drone x2  
  83  6:59  Drone  
  89  7:01  Centrifical Hooks, Hatchery  
  89  7:03  Overseer  
  89  7:07  Drone  
  89  7:13  Hydralisk Den  
  89  7:22  Zergling x2  
  89  7:23  Zergling x28  
  99  7:43  Drone x11  
  96  7:51  Drone x3  
  98  8:02  Spore Crawler, Grooved Spines  
  98  8:03  Hydralisk  
  98  8:04  Hydralisk x4  
  107  8:09  Baneling x4  
  107  8:10  Baneling  
  107  8:16  Hydralisk x3  
  107  8:17  Hydralisk x4  
  120  8:20  Baneling x4  
  120  8:21  Baneling x2  
  120  8:24  Zergling x2  
  120  8:25  Zergling x6  
  124  8:32  Drone  
  124  8:33  Overlord x2  
  124  8:34  Overlord  
  125  8:36  Spore Crawler  
  124  8:44  Overlord x3  
  112  8:49  Zergling x16  
  112  8:55  Baneling x5  
  118  8:57  Zergling x10  
  121  9:07  Zergling x20  
  129  9:11  Overseer  
  128  9:17  Baneling x2  
  128  9:18  Baneling x3  
  128  9:21  Zergling x2  
  128  9:22  Zergling x20  
  128  9:23  Zergling x2  
  140  9:25  Zergling x2  
  140  9:26  Zergling x2  
  140  9:36  Zergling x8  
  140  9:37  Zergling x6  
  137  9:49  Zergling x20  
  133  9:53  Hydralisk x4  
  133  9:54  Hydralisk  
  133  9:57  Baneling  
  133  9:58  Baneling x5  
  133  9:59  Baneling  
  140  10:01  Zergling x4  
  141  10:17  Hydralisk x4  
  149  10:21  Overlord x2  
  147  10:38  Hatchery  
  146  10:44  Zergling x18, Hatchery  
  146  10:47  Baneling x4  
  146  10:48  Baneling x2  
  153  11:01  Overlord x4  
  153  11:03  Spore Crawler, Drone x3  
  153  11:04  Spine Crawler  
  154  11:29  Infestation Pit, Spire  
  154  11:31  Hydralisk x3  
  157  11:35  Baneling x7  
  157  11:36  Baneling  
  157  11:43  Zergling x4  
  157  11:44  Zergling x6  
  157  11:52  Zergling x2  
  157  11:53  Zergling x12  
  146  12:07  Zergling x2  
  146  12:08  Zergling x18  
  155  12:19  Zergling x16  
  138  12:32  Zergling x18  
  147  12:40  Zergling x8  
  147  12:41  Zergling x4  
  152  12:46  Baneling  
  152  12:47  Baneling x9  
  149  12:55  Zergling x10  
  149  12:56  Zergling x2  
Tags
 
Add a new tag
Caveats
  • Supply blocks, unpowered buildings, or Contaminate may cause inaccurate times.
  • Supply counts are checked every 10 seconds.